 Dungeon Crawl Stone Soup version 0.32-a0-630-g46d191b0ed (webtiles) character file.

Game seed: 8089482213753602667

1 jasper the Trooper (level 1, -5/14 HPs)
             Began as a Gargoyle Berserker on Mar 6, 2024.
             Was a Follower of Trog.
             Slain by a kobold
             ... wielding a +4 short sword
              (6 damage)
             ... on level 1 of the Dungeon.
             The game lasted 00:00:08 (84 turns).

jasper the Trooper (Gargoyle Berserker)               Turns: 84, Time: 00:00:09

Health: -5/14      AC:  4    Str: 20    XL:     1   Next: 20%
Magic:  1/1        EV: 11    Int:  7    God:    Trog [*.....]
Gold:   0          SH:  0    Dex:  9    Spells: 0/0 levels left

rFire   . . .        a - +0 mace
rCold   . . .        (no shield)
rNeg    + . .        b - +0 animal skin
rPois   ∞            (no helmet)
rElec   +            (no cloak)
rCorr   .            (no gloves)
SInv    .            (no boots)
Will    .....        (no amulet)
Stlth   +            (no ring)
HPRegen 0.22/turn    (no ring)
MPRegen 0.07/turn

%: no passive effects
@: no status effects
A: sickness immunity, AC +2, negative energy resistance 1, electricity
resistance, torment resistance 1, petrification resistance
a: Renounce Religion, Berserk


You were on level 1 of the Dungeon.
You worshipped Trog.
Trog was aware of your devotion.
You visited 1 branch of the dungeon, and saw 1 of its levels.

Inventory:

Hand Weapons
 a - a +0 mace (weapon)
Missiles
 c - 5 stones (quivered)
Armour
 b - a +0 animal skin (worn)


   Skills:
 - Level 3.2 Fighting
 + Level 3.1 Maces & Flails
 - Level 2.1 Armour
 - Level 1.5 Dodging


You couldn't memorise any spells.
You didn't know any spells.
Your spell library was empty.

Dungeon Overview and Level Annotations

Branches:
Dungeon (1/15)

Altars:


Innate Abilities, Weirdness & Mutations

You are immune to sickness and miasma.
Your stone body is resilient. (AC +2)
You are immune to poison.
You resist negative energy. (rN+)
You are resistant to electric shocks. (rElec)
You are resistant to unholy torment.
You are immune to petrification.


Message History

Welcome, jasper the Gargoyle Berserker.
Everyone else who sought the Orb of Zot has failed.
Will you be different?
Trog says: Kill them all!
Press ? for a list of commands and other information.
Found a staircase leading out of the dungeon.
A ball python comes into view.
The ball python hisses angrily.
You barely miss the ball python. The ball python barely misses you.
The ball python completely misses you. The ball python closely misses you.
The ball python grabs you. The ball python constricts you.
You take 1 damage, and have 13/14 hp.
You closely miss the ball python.
The ball python bites you but does no damage.
The ball python constricts you.
You thump the ball python!
You kill the ball python!
Trog accepts your kill.
Health restored: 14 You see here a ball python corpse.
Found 5 stones.
A kobold comes into view. It is wielding a +4 short sword.
Found a glowing amethyst potion.
You see here 5 stones.
c - 5 stones You hit the kobold.
The kobold is heavily wounded.
The kobold hits you with a +4 short sword!
Ouch! That really hurt!
You take 7 damage, and have 7/14 hp.
MASSIVE DAMAGE!!
You closely miss the kobold.
The kobold is heavily wounded.
The kobold hits you with a +4 short sword.
* * * LOW HITPOINT WARNING * * *
The kobold hits you with a +4 short sword.
You die...

.. #...........
..##.........
........... .#.
.........# ....... ###
##.......##.......###.##
.........##.......#.....
.........##........P...P
#......K................
.....##@..#..........<..
..... #..........#......
.... #............P...P
.... #.........###.....
.....#####......#####.##
...............#........
.....###..####.######.##
########..# #.######.#
..........# ..........##


You could see a kobold.

Vanquished Creatures
  A ball python (D:1)
1 creature vanquished.

Notes
Turn   | Place    | Note
-------+----------+-------------------------------------------
     0 | D:1      | jasper the Gargoyle Berserker began the quest for the Orb.
     0 | D:1      | Reached XP level 1. HP: 14/14 MP: 1/1
    84 | D:1      | Slain by a kobold

Illustrated notes

Levels and vault maps discovered:
D:1:      dpeg_arrival_orchard, layout_basic, serial_shops,
          nicolae_shop_tiny_real_fake_doors

Action                     || total
---------------------------++-------
  Melee: Mace              ||     5
 Armour: Animal skin       ||     6
  Dodge: Dodged            ||     3

Table legend: (Time is in decaauts)
 A = Elapsed time spent in this place.
 B = Non-inter-level travel time spent in this place.
 C = Inter-level travel time spent in this place.
 D = Time resting spent in this place.
 E = Time spent auto-exploring this place.
 F = Levels seen in this place.
 G = Mean time per level.
                   A        B        C        D        E       F      G
               +--------+--------+--------+--------+--------+-----+--------+
         Total |     85 |     85 |      0 |      0 |     64 |   1 |   85.0 |
       Dungeon |     85 |     85 |      0 |      0 |     64 |   1 |   85.0 |
               +--------+--------+--------+--------+--------+-----+--------+

Top non-repeatable levels by time:
     D:1: 85 daAuts
